 Dungeon Crawl Stone Soup version 0.30-b1-2-g02819fbbbe (webtiles) character file.

Game seed: 15613492964172439500

65653 BigAl98 the Thaumaturge (level 15, -9/119 HPs)
             Began as a Gnoll Warper on Oct 31, 2023.
             Was the Champion of Cheibriados.
             Mangled by a +7 heavy flail (25 damage)
             ... on level 1 of the Elven Halls.
             The game lasted 00:47:26 (17206 turns).

BigAl98 the Thaumaturge (Gnoll Warper)             Turns: 17206, Time: 00:47:26

Health: -9/119     AC: 18    Str: 26    XL:     15   Next: 17%
Magic:  19/39      EV: 28    Int: 33    God:    Cheibriados [******]
Gold:   1131       SH: 17    Dex: 32    Spells: 23/36 levels left

rFire   . . .        R - +6 falchion of Fueseiho {pain, Drain +Blink MP+9}
rCold   + . .        e - +2 kite shield
rNeg    . . .        P - +1 ring mail {rPois}
rPois   +            N - +0 helmet
rElec   .            j - +0 cloak
rCorr   .            a - +2 pair of gloves of Ydimerr {Regen+ Dex+4}
SInv    .            C - +2 pair of boots
Will    ++...        l - amulet of regeneration
Stlth   +++++        n - +5 ring of evasion
HPRegen 1.99/turn    V - ring of Iskeer {rC+ Will+}
MPRegen 0.26/turn

%: no passive effects
@: very slow
A: fangs 1, strong nose, distributed training
a: Renounce Religion, Evoke Blink, Bend Time, Temporal Distortion, Slouch, Step
From Time


You were on level 1 of the Elven Halls.
You worshipped Cheibriados.
Cheibriados was exalted by your worship.
You visited 5 branches of the dungeon, and saw 21 of its levels.
You also visited: Gauntlet.

You collected 2097 gold pieces.
You spent 966 gold pieces at shops.

Inventory:

Hand Weapons
 R - the +6 falchion of Fueseiho (weapon) {pain, Drain +Blink MP+9}
   (You found it on level 9 of the Dungeon)

   MP:        It affects your magic capacity (+9).
   +Blink:    It lets you blink.
   Drain:     It drains your maximum health when unequipped.
Missiles
 d - 9 boomerangs of dispersal
 q - 35 poisoned darts
 A - 19 boomerangs (quivered)
 E - 7 silver javelins
 I - 2 throwing nets
 W - 7 javelins
Armour
 a - the +2 pair of gloves of Ydimerr (worn) {Regen+ Dex+4}
   (You found it in a Gauntlet)

   Dex:       It affects your dexterity (+4).
   Regen:     It increases your rate of health regeneration.
 e - a +2 kite shield (worn)
 j - a +0 cloak (worn)
 C - a +2 pair of boots (worn)
 N - a +0 helmet (worn)
 P - a +1 ring mail of poison resistance (worn)
Jewellery
 l - an amulet of regeneration (around neck)
 n - a +5 ring of evasion (left hand)
 y - a +6 ring of intelligence
 H - a ring of protection from cold
 M - an amulet of magic regeneration
 V - the ring of Iskeer (right hand) {rC+ Will+}
   (You bought it in a shop on level 10 of the Dungeon)

   [ring of protection from cold]

   rC:        It protects you from cold.
   Will:      It increases your willpower.
 Y - a ring of see invisible
Wands
 m - a wand of mindburst (5)
 v - a wand of charming (8)
 L - a wand of quicksilver (8)
 T - a wand of roots (5)
 U - a wand of polymorph (5)
Scrolls
 b - 3 scrolls of magic mapping {unknown}
 c - 3 scrolls of blinking
 f - 8 scrolls of enchant weapon
 g - 5 scrolls of enchant armour
 i - 14 scrolls of teleportation
 o - a scroll of fear
 r - 3 scrolls of vulnerability
 t - 6 scrolls of amnesia
 G - 4 scrolls of immolation
 J - a scroll of summoning
 K - 3 scrolls of poison
 O - 5 scrolls of fog
Potions
 h - 10 potions of curing
 k - 2 potions of ambrosia {unknown}
 p - a potion of invisibility {unknown}
 s - 2 potions of attraction
 u - 3 potions of mutation {unknown}
 w - 6 potions of brilliance
 x - 5 potions of haste {unknown}
 z - 5 potions of heal wounds
 B - 7 potions of lignification
 F - a potion of cancellation {unknown}
 X - 4 potions of might
Miscellaneous
 Q - a lightning rod (4/4)
 Z - a phantom mirror


   Skills:
 + Level 11.2 Fighting
 + Level 10.2 Short Blades
 + Level 11.2 Long Blades
 + Level 10.2 Axes
 + Level 10.2 Maces & Flails
 + Level 10.2 Polearms
 + Level 10.2 Staves
 + Level 10.2 Ranged Weapons
 + Level 10.6 Throwing
 + Level 10.6 Armour
 + Level 11.2 Dodging
 + Level 10.2 Stealth
 + Level 10.2 Shields
 + Level 10.2 Unarmed Combat
 + Level 11.4 Spellcasting
 + Level 8.6 Conjurations
 + Level 8.6 Hexes
 + Level 8.6 Summonings
 + Level 8.6 Necromancy
 + Level 10.2 Translocations
 + Level 8.6 Transmutations
 + Level 8.6 Fire Magic
 + Level 8.6 Ice Magic
 + Level 8.6 Air Magic
 + Level 8.6 Earth Magic
 + Level 8.6 Poison Magic
 + Level 11.1 Invocations
 + Level 10.2 Evocations


You had 23 spell levels left.
You knew the following spells:

 Your Spells              Type           Power      Damage    Failure   Level
a - Blink                 Tloc           100%       N/A       1%          2
b - Frozen Ramparts       Ice            100%       1d16      1%          3
c - Olgreb's Toxic Radia  Pois           66%        N/A       1%          4
d - Manifold Assault      Tloc           72%        N/A       1%          4

Your spell library contained the following spells:

 Spells                   Type           Power      Damage    Failure   Level
 Apportation              Tloc           100%       N/A       1%          1
 Beastly Appendage        Tmut           100%       N/A       1%          1
 Foxfire                  Conj/Fire      100%       2x1d9     1%          1
 Freeze                   Ice            100%       1d10      1%          1
 Necrotise                Necr           100%       1d9       1%          1
 Summon Small Mammal      Summ           100%       N/A       1%          1
 Cigotuvi's Dreadful Rot  Necr/Pois/Air  100%       N/A       1%          2
 Lesser Beckoning         Tloc           100%       N/A       1%          2
 Wereblood                Tmut           66%        N/A       1%          2
 Dazzling Flash           Conj/Hex       100%       N/A       1%          3
 Hailstorm                Conj/Ice       66%        3d14      1%          3
 Ignite Poison            Fire/Tmut/Pois 66%        N/A       1%          3
 Spider Form              Tmut/Pois      66%        N/A       1%          3
 Teleport Other           Tloc           72%        N/A       1%          3
 Vhi's Electric Charge    Tloc/Air       100%       N/A       1%          3
 Volatile Blastmotes      Fire/Tloc      100%       2d18      1%          3
 Anguish                  Hex/Necr       33%        N/A       1%          4
 Iskenderun's Mystic Bla  Conj/Tloc      69%        2d14      1%          4
 Alistair's Intoxication  Tmut/Pois      44%        N/A       4%          5
 Freezing Cloud           Conj/Ice/Air   33%        6-21      4%          5
 Plasma Beam              Fire/Air       33%        2x1d50    26%         6
 Starburst                Conj/Fire      33%        6d10      26%         6
 Enfeeble                 Hex            33%        N/A       80%         7
 Storm Form               Tmut/Air       33%        N/A       80%         7
 Fire Storm               Conj/Fire      33%        8d8       100%        9


Dungeon Overview and Level Annotations

Branches:
Dungeon (12/15)            Temple (1/1) D:6            Lair (5/5) D:10
 Shoals (0/4) Lair:2       Spider (0/4) Lair:3        Slime (0/5) Lair:5
    Orc (2/2) D:12            Elf (1/3) Orc:2       Gauntlet (visited)

Altars:
Ashenzari
Cheibriados
Dithmenos
Elyvilon
Fedhas
Gozag
Hepliaklqana
Kikubaaqudgha
Makhleb
Nemelex Xobeh
Okawaru
Qazlal
Ru
Sif Muna
Trog
Uskayaw
Vehumet
Wu Jian
Xom
Yredelemnul
Zin
The Shining One

Shops:
D:1 ?:[   D:2 [   D:7 *   D:10 *![([   D:11 !(*!   Orc:1 *   Orc:2 :=(:[

Annotations:
D:8 3 runed translucent doors, Xelenos's ghost, novice FoFi
Lair:2 2 transporters, KuroJack's ghost, journeyman DjFE


Innate Abilities, Weirdness & Mutations

You have very sharp teeth.
Your uncanny sense of smell can sniff out nearby items.
Your experience applies equally to all skills.


Message History

The +1 heavy halberd completely resists.
The stunning burst hits the +7 heavy flail.
The +7 heavy flail completely resists.
The stunning burst hits you but does no damage.
The +7 heavy flail completely resists.
The wall freezes the +7 heavy flail but does no damage.
The +7 heavy flail hits you!
A deep elf knight comes into view. It is wielding a +0 short sword.
The wall freezes the +3 heavy hand axe but does no damage.
The +3 heavy hand axe hits you.
The wall freezes the +1 heavy halberd but does no damage.
The +1 heavy halberd hits you from afar!!
The wall freezes the air elemental.
You can move again.
Your frozen ramparts will break if you move.
Continue? [Y]es or [N]o only, please.
Your frozen ramparts will break if you move.
Continue?
The +7 heavy flail attacks as you move away!
The +7 heavy flail completely misses you.
The frozen ramparts melt away as you move.
The +7 heavy flail hits you!!
The +3 heavy hand axe completely misses you.
The +1 heavy halberd hits you from afar!
The air elemental fires a burst of electricity at you.
The stunning burst hits the +7 heavy flail.
The +7 heavy flail completely resists.
The stunning burst hits you!
You shrug off the repeated paralysis!
* * * LOW HITPOINT WARNING * * *
The +3 heavy hand axe attacks as you move away!
The +3 heavy hand axe completely misses you.
The air elemental fires a burst of electricity at you.
The stunning burst hits the +3 heavy hand axe.
The +3 heavy hand axe completely resists.
The stunning burst hits you!
You shrug off the repeated paralysis!
* * * LOW HITPOINT WARNING * * *
The air elemental fires a burst of electricity at you.
The stunning burst hits the +7 heavy flail.
The +7 heavy flail completely resists.
The stunning burst misses you. The +7 heavy flail hits you!!
You die...

.# .##.# ..
....## . #.
.#.####.# #.#.
.#..... #...
.#..... #..#
.#.....
#..##.#.....
#(((@.#.....
ee)..BE.####.....
..#.###.# ... #
#.# # ..# #.# #..
...


You could see an entropy weaver, an air elemental and 3 dancing weapons.

Vanquished Creatures
  A reaper (Lair:5)
  A minotaur (Gauntlet)
  An ettin (Orc:2)
  An ice dragon (Lair:5)
  2 hydras
  2 ogre magi (Orc:2)
  8 two-headed ogres
  A tengu warrior (D:11)
  A boulder beetle (D:10)
  2 death yaks (Lair:4)
  Urug (D:11)
  3 skysharks
  2 deep trolls (Orc:2)
  A lindwurm (Lair:5)
  4 orc knights
  An ugly thing (D:12)
  2 orc sorcerers
  An oklob plant (Lair:2)
  A deep elf zephyrmancer (Elf:1)
  A manticore (D:10)
  3 cyclopes
  A wolf spider (Lair:3)
  2 large abominations (Gauntlet)
  17 elephants
  5 torpor snails (Lair:5)
  5 black mambas
  Joseph (D:8)
  13 cane toads
  3 kobold demonologists
  10 komodo dragons
  4 rime drakes
  A tengu conjurer (D:11)
  13 trolls
  3 meliai (Gauntlet)
  9 hornets (Lair:5)
  2 polar bears
  4 tyrant leeches (Lair:5)
  4 dream sheep (Lair:5)
  17 blink frogs
  Sigmund (D:5)
  31 yaks
  2 wyverns
  A human (Lair:5)
  2 basilisks
  Grum (D:7)
  3 steam dragons
  13 vampire mosquitoes
  2 wargs
  2 acid dragons
  4 small abominations (Gauntlet)
  7 water moccasins
  14 orc warriors
  An ice beast (D:4)
  2 black bears
  21 ogres
  9 wolves
  10 centaurs
  5 kobold brigands
  5 bullfrogs
  Blork the orc (D:5)
  A scorpion (D:7)
  5 gnoll sergeants
  3 wights (D:7)
  5 howler monkeys
  2 crimson imps (D:3)
  A jelly (D:5)
  7 orc priests
  4 hounds
  Crazy Yiuf (D:5)
  Ijyb (D:3)
  An iguana (D:7)
  9 orc wizards
  4 hell rats (Lair:5)
  7 gnolls
  5 adders
  A shadow imp (D:8)
  A white imp (D:6)
  3 worms
  7 dart slugs
  52 orcs
  8 endoplasms
  5 giant cockroaches
  7 goblins
  4 hobgoblins
  3 jackals (D:2)
  23 kobolds
  5 ball pythons
  4 bats
  6 frilled lizards
  3 rats
479 creatures vanquished.

Vanquished Creatures (collateral kills)
  A wight (D:7)
  2 kobolds (D:7)
3 creatures vanquished.

Vanquished Creatures (others)
  A gnoll (D:7)
  An orc (D:7)
  A kobold (D:7)
  A demonic plant (Gauntlet)
  19 fungi
  26 plants
49 creatures vanquished.

Grand Total: 531 creatures vanquished

Notes
Turn   | Place    | Note
-------+----------+-------------------------------------------
     0 | D:1      | BigAl98 the Gnoll Warper began the quest for the Orb.
     0 | D:1      | Reached XP level 1. HP: 20/20 MP: 6/6
    63 | D:1      | Found Nebrur's Book Shop.
   133 | D:1      | Reached XP level 2. HP: 25/26 MP: 7/7
   155 | D:1      | Found Tevacag's Antique Armour Emporium.
   395 | D:1      | Found Ziavve's Magic Scroll Shop.
   399 | D:1      | Bought a scroll of identify for 22 gold pieces
   449 | D:1      | Reached skill level 5 in Spellcasting
   449 | D:1      | Reached XP level 3. HP: 31/31 MP: 7/9
   622 | D:1      | Found a faded altar of an unknown god.
  1186 | D:2      | Reached skill level 1 in Invocations
  1282 | D:2      | Found Pyhohoj's Antique Armour Shop.
  1372 | D:2      | Reached skill level 1 in Short Blades
  1372 | D:2      | Reached skill level 1 in Axes
  1372 | D:2      | Reached skill level 1 in Maces & Flails
  1372 | D:2      | Reached skill level 1 in Polearms
  1372 | D:2      | Reached skill level 1 in Staves
  1372 | D:2      | Reached skill level 1 in Ranged Weapons
  1372 | D:2      | Reached skill level 1 in Stealth
  1372 | D:2      | Reached skill level 1 in Shields
  1372 | D:2      | Reached skill level 1 in Unarmed Combat
  1372 | D:2      | Reached skill level 1 in Evocations
  1534 | D:2      | Reached XP level 4. HP: 38/38 MP: 11/11
  1688 | D:3      | You fall into a shaft and drop 1 floor!
  1710 | D:3      | Noticed Ijyb
  1730 | D:3      | Killed Ijyb
  1731 | D:3      | Reached skill level 1 in Conjurations
  1731 | D:3      | Reached skill level 1 in Hexes
  1731 | D:3      | Reached skill level 1 in Summonings
  1731 | D:3      | Reached skill level 1 in Necromancy
  1731 | D:3      | Reached skill level 1 in Transmutations
  1731 | D:3      | Reached skill level 1 in Fire Magic
  1731 | D:3      | Reached skill level 1 in Ice Magic
  1731 | D:3      | Reached skill level 1 in Air Magic
  1731 | D:3      | Reached skill level 1 in Earth Magic
  1731 | D:3      | Reached skill level 1 in Poison Magic
  1747 | D:3      | Found an ancient bone altar of Kikubaaqudgha.
  1818 | D:3      | Found a hide-covered altar of Uskayaw.
  2065 | D:3      | Reached XP level 5. HP: 43/43 MP: 12/12
  2096 | D:3      | Found a shimmering altar of Xom.
  2494 | D:4      | Noticed an ice beast
  2510 | D:4      | Killed an ice beast
  2511 | D:4      | Reached skill level 5 in Fighting
  2511 | D:4      | Reached skill level 5 in Long Blades
  2511 | D:4      | Reached skill level 5 in Dodging
  2511 | D:4      | Reached XP level 6. HP: 45/51 MP: 14/14
  2689 | D:4      | Found an opulent altar of Gozag.
  2781 | D:4      | Found an iron altar of Okawaru.
  3229 | D:5      | Entered Level 5 of the Dungeon
  3257 | D:5      | Found a stormy altar of Qazlal.
  3257 | D:5      | Found a broken altar of Ashenzari.
  3282 | D:5      | Noticed Sigmund
  3295 | D:5      | Killed Sigmund
  3296 | D:5      | Reached XP level 7. HP: 56/56 MP: 15/15
  3572 | D:5      | Found a radiant altar of Vehumet.
  3572 | D:5      | Noticed Blork the orc
  3582 | D:5      | Killed Blork the orc
  3627 | D:5      | Reached XP level 8. HP: 63/63 MP: 16/16
  3715 | D:5      | Found a runed translucent door.
  3716 | D:5      | Noticed Crazy Yiuf
  3865 | D:5      | Learned a level 2 spell: Blink
  3871 | D:5      | Killed Crazy Yiuf
  3931 | D:6      | Found a white marble altar of Elyvilon.
  4234 | D:6      | Found a hazy altar of Hepliaklqana.
  4324 | D:6      | Found a staircase to the Ecumenical Temple.
  4332 | Temple   | Entered the Ecumenical Temple
  4479 | Temple   | Became a worshipper of Cheibriados the Contemplative
  4744 | D:7      | Found Oroh's Serpentskin Sales.
  4822 | D:7      | Bought a +1 ring mail of poison resistance for 169 gold
                  | pieces
  4880 | D:7      | Reached XP level 9. HP: 69/69 MP: 18/18
  4929 | D:7      | Reached * piety under Cheibriados
  5018 | D:7      | Reached skill level 5 in Throwing
  5018 | D:7      | Reached skill level 5 in Armour
  5458 | D:7      | Learned a level 3 spell: Frozen Ramparts
  5475 | D:8      | Noticed Grum
  5488 | D:7      | Killed Grum
  5531 | D:8      | Reached ** piety under Cheibriados
  5532 | D:8      | Reached skill level 5 in Invocations
  5555 | D:8      | Found a basalt altar of Yredelemnul.
  5894 | D:8      | Found a runed translucent gate.
  5894 | D:8      | Found a runed translucent gate.
  5896 | D:8      | Found a runed translucent gate.
  5900 | D:8      | Noticed Xelenos's ghost (novice FoFi)
  6001 | D:8      | Noticed Joseph
  6018 | D:8      | Killed Joseph
  6019 | D:8      | Reached skill level 5 in Short Blades
  6019 | D:8      | Reached skill level 5 in Axes
  6019 | D:8      | Reached skill level 5 in Maces & Flails
  6019 | D:8      | Reached skill level 5 in Polearms
  6019 | D:8      | Reached skill level 5 in Staves
  6019 | D:8      | Reached skill level 5 in Ranged Weapons
  6019 | D:8      | Reached skill level 5 in Stealth
  6019 | D:8      | Reached skill level 5 in Shields
  6019 | D:8      | Reached skill level 5 in Unarmed Combat
  6019 | D:8      | Reached skill level 5 in Evocations
  6019 | D:8      | Reached XP level 10. HP: 41/77 MP: 20/20
  6291 | D:9      | Identified the +6 falchion of Fueseiho {pain, Drain +Blink
                  | MP+9}
  6520 | D:9      | Found a sparkling altar of Nemelex Xobeh.
  6787 | D:9      | Found a glowing silver altar of Zin.
  6888 | D:10     | Entered Level 10 of the Dungeon
  6947 | D:10     | Found Rucibes's Weapon Emporium.
  6980 | D:10     | Noticed a kobold demonologist
  6989 | D:10     | Killed a kobold demonologist
  7037 | D:10     | Found Wuroorie's Distillery.
  7046 | D:10     | Bought a potion of lignification for 42 gold pieces
  7046 | D:10     | Bought a potion of degeneration for 14 gold pieces
  7046 | D:10     | Bought a potion of heal wounds for 70 gold pieces
  7066 | D:10     | Found Mijot's Antique Armour Shoppe.
  7107 | D:10     | Found Rerisch's Armour Shoppe.
  7125 | D:10     | Noticed a manticore
  7153 | D:10     | Killed a manticore
  7234 | D:10     | Reached *** piety under Cheibriados
  7319 | D:10     | Found a staircase to the Lair.
  7349 | D:10     | Noticed a boulder beetle
  7367 | D:10     | Killed a boulder beetle
  7459 | D:10     | Found Massup's Assorted Antiques.
  7462 | D:10     | Bought a translucent lead ring for 165 gold pieces
  7462 | D:10     | Identified the ring of Iskeer {rC+ Will+} (You bought it in
                  | a shop on level 10 of the Dungeon)
  7647 | D:10     | Found a sacrificial altar of Ru.
  7776 | D:11     | Noticed a two-headed ogre
  7791 | D:11     | Killed a two-headed ogre
  7792 | D:11     | Reached skill level 5 in Conjurations
  7792 | D:11     | Reached skill level 5 in Hexes
  7792 | D:11     | Reached skill level 5 in Summonings
  7792 | D:11     | Reached skill level 5 in Necromancy
  7792 | D:11     | Reached skill level 5 in Transmutations
  7792 | D:11     | Reached skill level 5 in Fire Magic
  7792 | D:11     | Reached skill level 5 in Ice Magic
  7792 | D:11     | Reached skill level 5 in Air Magic
  7792 | D:11     | Reached skill level 5 in Earth Magic
  7792 | D:11     | Reached skill level 5 in Poison Magic
  7792 | D:11     | Reached XP level 11. HP: 71/85 MP: 23/23
  7824 | D:11     | Found Dafinaep's Distillery.
  7974 | D:11     | Found a gate leading to a gauntlet.
  7995 | Gauntlet | Entered a Gauntlet
  7995 | Gauntlet | Noticed a necromancer
  7995 | Gauntlet | Found a transporter.
  7997 | Gauntlet | Noticed a death yak
  7997 | Gauntlet | Noticed a death yak
  7998 | Gauntlet | Found a transporter.
  7998 | Gauntlet | Noticed a death yak
  7999 | Gauntlet | Noticed a death yak
  8000 | Gauntlet | Noticed a death yak
  8001 | Gauntlet | Noticed a death yak
  8012 | Gauntlet | Found a runed translucent gate.
  8014 | Gauntlet | Found a transporter.
  8015 | Gauntlet | Found a runed translucent gate.
  8016 | Gauntlet | Found a runed translucent gate.
  8018 | Gauntlet | Found a transporter.
  8022 | Gauntlet | Noticed a moth of wrath
  8028 | Gauntlet | Found a transporter.
  8046 | Gauntlet | Found a runed translucent door.
  8048 | Gauntlet | Found a transporter.
  8049 | Gauntlet | Noticed a brown ugly thing
  8049 | Gauntlet | Noticed a red ugly thing
  8051 | Gauntlet | Found a transporter.
  8055 | Gauntlet | Found a transporter.
  8055 | Gauntlet | Noticed a great orb of eyes
  8065 | Gauntlet | Found a runed translucent door.
  8086 | Gauntlet | Found a transporter.
  8094 | Gauntlet | Found a transporter.
  8094 | Gauntlet | Found a transporter.
  8102 | Gauntlet | Found a transporter.
  8131 | Gauntlet | Noticed a large abomination
  8297 | Gauntlet | Killed a large abomination
  8394 | Gauntlet | Identified the +2 pair of gloves of Ydimerr {Regen+ Dex+4}
  8427 | Gauntlet | Noticed a minotaur
  8451 | Gauntlet | Killed a minotaur
  8503 | Gauntlet | Got Gatoc's Quarto of the Red-Hot Black Widow
  8522 | D:11     | Found Kike's Weapon Shop.
  8656 | D:11     | Noticed a tengu warrior
  8677 | D:11     | Killed a tengu warrior
  8691 | D:11     | Learned a level 4 spell: Olgreb's Toxic Radiance
  8745 | D:11     | Noticed Urug
  8753 | D:11     | Killed Urug
  8917 | D:11     | Found Renu's Assorted Antiques.
  8960 | D:11     | Found Pif Kiuz's Distillery.
  8962 | D:11     | Reached **** piety under Cheibriados
  9016 | D:11     | Bought a potion of might for 68 gold pieces
  9321 | Lair:1   | Entered Level 1 of the Lair of Beasts
  9465 | Lair:1   | You fall into a shaft and drop 1 floor!
  9486 | Lair:1   | Reached XP level 12. HP: 94/94 MP: 24/24
 10242 | Lair:2   | Found a staircase to the Shoals.
 10277 | Lair:2   | Found a transporter.
 10277 | Lair:2   | Noticed a catoblepas
 10325 | Lair:2   | Reached ***** piety under Cheibriados
 10650 | Lair:2   | Noticed a four-headed hydra
 10651 | Lair:2   | Found a transporter.
 10651 | Lair:2   | Noticed KuroJack's ghost (journeyman DjFE)
 11270 | Lair:3   | Noticed a skyshark
 11283 | Lair:3   | Killed a skyshark
 11476 | Lair:3   | Reached XP level 13. HP: 68/101 MP: 26/26
 12025 | Lair:3   | Found a hole to the Spider Nest.
 12372 | Lair:4   | Identified the +0 robe of Hairiness {Stlth+}
 12607 | Lair:4   | Reached skill level 10 in Spellcasting
 13140 | Lair:5   | Entered Level 5 of the Lair of Beasts
 13257 | Lair:5   | Reached skill level 10 in Fighting
 13257 | Lair:5   | Reached skill level 10 in Long Blades
 13257 | Lair:5   | Reached skill level 10 in Dodging
 13293 | Lair:5   | Found a staircase to the Slime Pits.
 13446 | Lair:5   | Reached ****** piety under Cheibriados
 13655 | Lair:5   | Reached XP level 14. HP: 110/110 MP: 28/28
 13660 | Lair:5   | Reached skill level 10 in Invocations
 14197 | Lair:5   | Found a runed translucent door.
 14202 | Lair:5   | Noticed a reaper
 14327 | Lair:5   | Killed a reaper
 14430 | Lair:5   | Found a runed translucent door.
 15085 | D:1      | Bought an Inescapable Atlas for 416 gold pieces
 15610 | D:12     | Reached skill level 10 in Throwing
 15610 | D:12     | Reached skill level 10 in Armour
 16006 | D:12     | Found a staircase to the Orcish Mines.
 16070 | Orc:1    | Entered Level 1 of the Orcish Mines
 16153 | Orc:2    | Entered Level 2 of the Orcish Mines
 16354 | Orc:2    | Found Enopead's Vocational Training.
 16406 | Orc:2    | Found Nutenargh's Weapon Emporium.
 16427 | Orc:2    | Reached skill level 10 in Translocations
 16437 | Orc:1    | Reached skill level 10 in Short Blades
 16437 | Orc:1    | Reached skill level 10 in Axes
 16437 | Orc:1    | Reached skill level 10 in Maces & Flails
 16437 | Orc:1    | Reached skill level 10 in Polearms
 16437 | Orc:1    | Reached skill level 10 in Staves
 16437 | Orc:1    | Reached skill level 10 in Ranged Weapons
 16437 | Orc:1    | Reached skill level 10 in Stealth
 16437 | Orc:1    | Reached skill level 10 in Shields
 16437 | Orc:1    | Reached skill level 10 in Unarmed Combat
 16437 | Orc:1    | Reached skill level 10 in Evocations
 16538 | Orc:2    | Reached XP level 15. HP: 118/118 MP: 25/30
 16714 | Orc:2    | Found Beuxits's Jewellery Emporium.
 16716 | Orc:2    | Found Pofrud's Book Boutique.
 16746 | Orc:2    | Found Bebulleh's Antique Armour Shoppe.
 16909 | Orc:2    | Found a staircase to the Elven Halls.
 17042 | Orc:1    | Learned a level 4 spell: Manifold Assault
 17043 | Orc:1    | Found Zisokeucva's Assorted Antiques.
 17193 | Elf:1    | Entered Level 1 of the Elven Halls
 17203 | Elf:1    | Paralysed by an air elemental for 1 turns
 17206 | Elf:1    | Mangled by a +7 heavy flail

Illustrated notes

Levels and vault maps discovered:
D:1:      kennysheep_arrival_seaside, layout_basic,
          dreamdust_ecumenical_altar_hidden_monk_grotto, serial_shops,
          nicolae_shop_pleasant_corner_grove, nicolae_shop_tiny_waterfront, shop
D:2:      layout_basic, serial_shops, nicolae_shop_waterfront
D:3:      layout_loops_corners, mainiacjoe_overflow_catwalk,
          eat_drink_and_be_merry_uskayaw, led_xom_imps, kennysheep_doodads,
          uniq_ijyb
D:4:      layout_basic, mainiacjoe_overflow_alcove_2,
          mainiacjoe_overflow_alcove_1, serial_glass, glass_columns_b,
          glass_columns_c, glass_columns_a, glass_columns_a, glass_columns_a,
          glass_columns_a, glass_columns_a, glass_columns_c, glass_columns_b,
          glass_columns_b, glass_columns_b, glass_columns_a, glass_columns_b,
          glass_columns_c, kennysheep_generic_room_10
D:5:      layout_rooms, nicolae_vehumet_altar_sigil,
          nicolae_overflow_two_pavilions, uniq_blork_the_orc,
          uniq_crazy_yiuf_cottage, uniq_sigmund
D:6:      layout_cave_pools, mainiacjoe_overflow_alcove_4,
          general_overflow_altar, temple_green, hangedman_decor_lopped
D:7:      layout_gridville, eino_small_chamber_without_monster,
          reono_crystal_passage, guppyfry_shop_venom
D:8:      layout_loops_cross, mainiacjoe_overflow_24_doors,
          ebering_ghost_rock_garden, uniq_grum, uniq_joseph
D:9:      nicolae_whirlpool, layout_irregular_city,
          nicolae_overflow_hidden_temple, zin_statuary
D:10:     layout_roguey, lemuel_round_altar, lair_entry_dummy, serial_shops,
          nicolae_shop_peninsula, kennysheep_mini, shop, nicolae_stop_n_shop_1,
          shop
D:11:     layout_stronghold, gauntlet_entry_generic, serial_shops, shop,
          nicolae_shop_window_shopping, shop, shop, uniq_urug
D:12:     layout_loops_ring, kennysheep_orc_monster_closet_entryway,
          nicolae_titane
Temple:   hellmonk_temple_flake
Lair:1:   layout_cave_pods
Lair:2:   layout_gridlike, minmay_shoals_entry_centaurs, gammafunk_ghost_arena
Lair:3:   layout_loops_ring, spider_nest_entry_rubble
Lair:4:   layout_roguey, beast_lair_carwin_5
Lair:5:   wormcave, layout_loops_ring, dpeg_slime_entry_enclosed,
          pdpol_lair_cabin_in_the_woods, infiniplex_staircase_pool_2
Orc:1:    layout_caves, serial_shops, nicolae_shop_just_a_little_nook,
          nicolae_shop_pleasant_corner_grove, shop, shop
Orc:2:    st_orc_open, layout_caves, nicolae_shop_vocational
Elf:1:    layout_loops_cross, portal_ice_cave_entry_pillars_three, minivault_28,
          uniq_roxanne

Skill      XL: |  1  2  3  4  5  6  7  8  9 10 11 12 13 14 15 |
---------------+----------------------------------------------+-----
Spellcasting   | 5 6 7 8 9 10 11 | 11.4
Invocations    | 1 2 3 4 5 6 7 8 9 10 11 | 11.1
Short Blades   | 1 2 3 5 6 7 8 9 10 | 10.2
Axes           | 1 2 3 5 6 7 8 9 10 | 10.2
Maces & Flails | 1 2 3 5 6 7 8 9 10 | 10.2
Polearms       | 1 2 3 5 6 7 8 9 10 | 10.2
Staves         | 1 2 3 5 6 7 8 9 10 | 10.2
Ranged Weapons | 1 2 3 5 6 7 8 9 10 | 10.2
Stealth        | 1 2 3 5 6 7 8 9 10 | 10.2
Shields        | 1 2 3 5 6 7 8 9 10 | 10.2
Unarmed Combat | 1 2 3 5 6 7 8 9 10 | 10.2
Evocations     | 1 2 3 5 6 7 8 9 10 | 10.2
Conjurations   | 1 2 3 4 5 6 7 8 |  8.6
Hexes          | 1 2 3 4 5 6 7 8 |  8.6
Summonings     | 1 2 3 4 5 6 7 8 |  8.6
Necromancy     | 1 2 3 4 5 6 7 8 |  8.6
Transmutations | 1 2 3 4 5 6 7 8 |  8.6
Fire Magic     | 1 2 3 4 5 6 7 8 |  8.6
Ice Magic      | 1 2 3 4 5 6 7 8 |  8.6
Air Magic      | 1 2 3 4 5 6 7 8 |  8.6
Earth Magic    | 1 2 3 4 5 6 7 8 |  8.6
Poison Magic   | 1 2 3 4 5 6 7 8 |  8.6
Throwing       | 3 4 5 6 7 8 9 10 | 10.6
Armour         | 3 4 5 6 7 8 9 10 | 10.6
Fighting       | 5 6 7 8 9 10 11 | 11.2
Long Blades    | 5 6 7 8 9 10 11 | 11.2
Dodging        | 5 6 7 8 9 10 11 | 11.2
Translocations | 6 7 8 9 10 | 10.2

Action                     |  1- 3 |  4- 6 |  7- 9 | 10-12 | 13-15 || total
---------------------------+-------+-------+-------+-------+-------++-------
  Melee: Falchion          |    55 |       |       |   347 |   395 ||   797
         Bite              |    12 |    13 |    56 |    52 |    76 ||   209
         Spear             |    25 |   132 |   409 |     5 |       ||   571
         Punch             |     1 |       |    14 |     9 |       ||    24
  Throw: Dart              |       |     3 |     4 |    22 |       ||    29
         Boomerang         |       |       |     4 |     5 |    66 ||    75
   Cast: Blink             |       |       |     3 |       |     1 ||     4
         Frozen Ramparts   |       |       |       |    10 |    32 ||    42
         Olgreb's Toxic Ra |       |       |       |    31 |    78 ||   109
         Manifold Assault  |       |       |       |       |     4 ||     4
 Invoke: Temporal Distorti |       |       |       |     2 |       ||     2
  Evoke: Wand              |       |       |     4 |    19 |       ||    23
         Lightning rod     |       |       |       |       |     5 ||     5
         Phantom mirror    |       |       |       |       |     1 ||     1
    Use: Scroll            |       |       |     4 |     7 |     3 ||    14
         Potion            |       |       |       |     2 |       ||     2
   Stab: Sleeping          |     2 |     6 |     5 |     5 |     6 ||    24
         Betrayed ally     |       |       |     2 |       |       ||     2
         Distracted        |       |       |       |       |     1 ||     1
 Armour: Leather armour    |    17 |     6 |    41 |       |       ||    64
         Ring mail         |       |       |    84 |    68 |    61 ||   213
  Dodge: Dodged            |    45 |    66 |   461 |   351 |   350 ||  1273
  Block: Buckler           |       |       |       |   109 |   128 ||   237
         Kite shield       |       |       |       |       |    95 ||    95
